 Dungeon Crawl Stone Soup version 0.29.1-1-gd02db69 (webtiles) character file.

Game seed: 3492240782163088143

2144 Dorkslayer the Conjurer (level 9, 0/57 HPs)
             Began as an Octopode Conjurer on Oct 2, 2022.
             Was an Initiate of Gozag.
             Slain by Erica
             ... wielding a +0 scimitar of flaming
              (15 damage)
             ... on level 9 of the Dungeon.
             The game lasted 00:24:06 (5116 turns).

Dorkslayer the Conjurer (Octopode Conjurer)         Turns: 5116, Time: 00:24:06

Health: 0/57       AC:  1    Str: 12 (13) XL:     9   Next: 30%
Magic:  27/27      EV: 13    Int: 27 (28) God:    Gozag
Gold:   985        SH:  0    Dex:  8 (11) Spells: 10/20 levels left

rFire   . . .      SeeInvis .   d - +8 short sword of the Shining Light {vorpal, Str+2}
rCold   . . .      Faith    .   (no shield)
rNeg    . . .      Spirit   .   (helmet restricted)
rPois   +          Reflect  .   e - amulet of regeneration
rElec   .          Harm     .   l - ring of magical power
rCorr   .          Rampage  .   n - +6 ring of intelligence
Will    .....                   A - ring of Duicsuhy {Fly rPois Str+3 Stlth+}
Stlth   ++++......              (no ring)
HPRegen 0.99/turn               (no ring)
MPRegen 0.20/turn               (no ring)
                                (no ring)
                                (no ring)

@: flying
A: almost no armour, amphibious, 8 rings, camouflage 1, gelatinous body 1,
(nimble swimmer 1), tentacles
a: Renounce Religion, Potion Petition, Call Merchant, Bribe Branch


You were on level 9 of the Dungeon.
You worshipped Gozag.
Gozag was pleased with you.
You visited 1 branch of the dungeon, and saw 7 of its levels.

You collected 1051 gold pieces.
You paid 66 gold pieces to Gozag.

Inventory:

Hand Weapons
 d - the +8 short sword of the Shining Light (weapon) {vorpal, Str+2}
   (You found it on level 3 of the Dungeon)

   It inflicts extra damage upon your enemies.
   Str:       It affects your strength (+2).
 i - a +0 spear of flaming
 m - a +2 dagger of freezing
Missiles
 u - a throwing net
 x - 5 javelins
 y - 5 boomerangs
 z - 2 curare-tipped darts (quivered)
Jewellery
 e - an amulet of regeneration (around mantle)
 l - a ring of magical power (left tentacle)
 n - a +6 ring of intelligence (right tentacle)
 A - the ring of Duicsuhy (on tentacle) {Fly rPois Str+3 Stlth+}
   (You acquired it on level 5 of the Dungeon)

   [ring of flight]

   Str:       It affects your strength (+3).
   rPois:     It protects you from poison.
   Fly:       It grants you flight.
   Stlth:     It makes you more stealthy.
Wands
 h - a wand of mindburst (10)
 s - a wand of roots (2)
 v - a wand of polymorph (3)
 C - a wand of acid (5)
Scrolls
 b - 3 scrolls of butterflies
 c - 2 scrolls of amnesia
 o - 2 scrolls of noise {unknown}
 p - 3 scrolls of teleportation
 D - a scroll of poison {unknown}
Potions
 a - a potion of magic
 f - 2 potions of brilliance {unknown}
 g - a potion of berserk rage {unknown}
 j - 2 potions of lignification
 k - 3 potions of mutation
 q - 2 potions of curing {unknown}
 r - a potion of cancellation {unknown}
 t - a potion of degeneration
 w - a potion of attraction {unknown}
 B - a potion of haste {unknown}


   Skills:
 * Level 3.4 Fighting
 + Level 2.8 Short Blades
 + Level 1.4 Polearms
 * Level 2.0 Throwing
 + Level 3.5 Dodging
 + Level 4.3 Stealth
 + Level 1.5 Unarmed Combat
 * Level 6.2 Spellcasting
 + Level 6.7 Conjurations
 + Level 2.4 Translocations
 + Level 0.3 Earth Magic
 * Level 3.5 Evocations


You had 10 spell levels left.
You knew the following spells:

 Your Spells              Type           Power      Damage    Failure   Level
a - Magic Dart            Conj           100%       1d8       1%          1
b - Searing Ray           Conj           88%        2d7       1%          2
c - Iskenderun's Mystic   Conj/Tloc      33%        2d8       10%         4
d - Stone Arrow           Conj/Erth      54%        3d10      4%          3

Your spell library contained the following spells:

 Spells                   Type           Power      Damage    Failure   Level
 Dazzling Flash           Conj/Hex       52%        N/A       4%          3
 Sandblast                Erth           20%        2d7       5%          1
 Sting                    Tmut/Pois      32%        1d4       6%          1
 Passwall                 Tmut/Erth      7%         N/A       9%          2
 Poisonous Vapours        Pois/Air       16%        N/A       10%         2
 Fulminant Prism          Conj/Hex       13%        3d9       16%         4
 Olgreb's Toxic Radiance  Pois           8%         N/A       54%         4
 Agony                    Necr           8%         N/A       87%         5
 Silence                  Hex/Air        4%         N/A       87%         5


Dungeon Overview and Level Annotations

Branches:
Dungeon (6/15)             Temple (0/1) D:4

Altars:
Ashenzari
Gozag
Kikubaaqudgha

Shops:
D:4 [

Annotations:
D:9 Erica


Innate Abilities, Weirdness & Mutations

You cannot wear most types of armour.
You are amphibious.
You can wear up to eight rings at the same time.
Your skin changes colour to match your surroundings (Stealth+).
Your rubbery body absorbs attacks. (AC +1, EV +1)
((You are camouflaged when in or above water. (Stealth+)))
You have tentacles for arms and can constrict up to eight enemies at once.


Message History

You see here a +0 short sword.
Erica the Fiery-Tempered comes into view.
She is wielding a +0 scimitar of flaming.
Found a stone staircase leading down.
Erica shouts!
Aiming: Fastroot
Press: ? - help, Shift-Dir - straight line, f - Erica
Aim: Erica, wielding a +0 scimitar of flaming and wearing a +0 robe The roots erupt in riotous growth!
Roots grab Erica.
The grasping roots constrict Erica!
Erica struggles to escape constriction.
Unknown command.
Aiming: Mindburst
Press: ? - help, Shift-Dir - straight line, f/p - Erica
Aim: Erica, wielding a +0 scimitar of flaming and wearing a +0 robe (lightly wounded, constricted by roots, chance to affect: 45%) Erica resists with some effort.
The grasping roots constrict Erica!
Erica gestures wildly while chanting.
Erica flickers and vanishes!
Deactivating autopickup; reactivate with Ctrl-A.
Aiming: Fastroot
Press: ? - help, Shift-Dir - straight line The roots erupt in riotous growth!
The grasping roots constrict something!
Unknown command.
Aiming: Corrosive Bolt
Press: ? - help, Shift-Dir - straight line Unknown command.
You closely miss something. Something hits you! Something burns you.
You miss something. Something hits you! Something burns you.
You puncture something!
You hear some strange, mumbled words.
Something tries to affect you, but you resist.
You closely miss something. Something hits you!! Something burns you.
* * * LOW HITPOINT WARNING * * *
Okay, then.
You are too injured to fight recklessly!
It was a potion of degeneration.
There was something very wrong with that liquid.
You feel weakened.
You feel dopey.
You feel clumsy. Something hits you!
You die...
Your body crumbles into a pile of gold.

#. .. #. .
###.####.
........#####
........>{@#
#.#..#####.# #
#.#..#####.#.#
#.#............#
#.........##.###
###..##..##.##.#
>........##.##..
###..##.###.#####
#..##.# #.#


There were no monsters in sight!

Vanquished Creatures
  The ghost of strontium90w the Insei, an amateur GnTm of Qazlal (D:3)
  Grinder (D:3)
  A wyvern (D:9)
  2 water moccasins
  2 black bears
  An ice beast (D:6)
  An ogre (D:5)
  A phantom (D:6)
  The ghost of doot the Sneak, an amateur OpEn (D:4)
  A gnoll sergeant (D:9)
  2 scorpions
  3 killer bees (D:9)
  A howler monkey (D:6)
  An orc priest (D:4)
  2 gnoll boudas
  A hound (D:5)
  Jessica (D:2)
  3 iguanas (D:5)
  An orc wizard (D:6)
  Robin (D:2)
  13 gnolls
  7 adders
  2 white imps (D:5)
  A worm (D:2)
  3 dart slugs
  9 orcs
  10 ball pythons
  5 bats
  4 endoplasms
  4 giant cockroaches
  14 goblins
  9 hobgoblins
  6 jackals
  7 kobolds
  A quokka (D:2)
  4 frilled lizards
127 creatures vanquished.

Notes
Turn   | Place    | Note
-------+----------+-------------------------------------------
     0 | D:1      | Dorkslayer the Octopode Conjurer began the quest for the
                  | Orb.
     0 | D:1      | Reached XP level 1. HP: 11/11 MP: 3/3
   221 | D:1      | Reached XP level 2. HP: 18/18 MP: 3/5
   519 | D:1      | Reached skill level 1 in Unarmed Combat
   932 | D:1      | Reached XP level 3. HP: 22/22 MP: 2/6
  1261 | D:2      | Noticed Robin
  1273 | D:2      | Killed Robin
  1314 | D:2      | Reached skill level 1 in Fighting
  1314 | D:2      | Reached XP level 4. HP: 28/28 MP: 4/7
  1758 | D:2      | Learned a level 2 spell: Searing Ray
  1763 | D:2      | Learned a level 4 spell: Iskenderun's Mystic Blast
  1773 | D:2      | Noticed Jessica
  1777 | D:2      | Killed Jessica
  2250 | D:3      | Identified the +8 short sword of the Shining Light {vorpal,
                  | Str+2}
  2259 | D:3      | Reached XP level 5. HP: 33/33 MP: 9/9
  2446 | D:3      | Found a faded altar of an unknown god.
  2459 | D:3      | Noticed strontium90w's ghost (amateur GnTm)
  2460 | D:3      | Found a runed translucent door.
  2505 | D:3      | Noticed Grinder
  2516 | D:3      | Killed Grinder
  2517 | D:3      | Reached skill level 1 in Short Blades
  2517 | D:3      | Reached skill level 1 in Polearms
  2517 | D:3      | Reached skill level 1 in Translocations
  2517 | D:3      | Reached XP level 6. HP: 5/39 MP: 11/11
  2645 | D:3      | Reached skill level 5 in Conjurations
  2742 | D:3      | Killed strontium90w's ghost
  2743 | D:3      | Reached skill level 1 in Evocations
  2743 | D:3      | Reached XP level 7. HP: 26/45 MP: 12/12
  2862 | D:4      | Found Veg Atut's Armour Boutique.
  3262 | D:4      | Identified the +1 robe "Nifro" {Harm +Inv rCorr Dex-3}
  3348 | D:4      | Found a runed translucent gate.
  3348 | D:4      | Found a runed translucent gate.
  3348 | D:4      | Found a runed translucent gate.
  3362 | D:4      | Found a staircase to the Ecumenical Temple.
  3373 | D:4      | Found an opulent altar of Gozag.
  3377 | D:4      | Noticed doot's ghost (amateur OpEn)
  3386 | D:4      | Killed doot's ghost
  3391 | D:4      | Became a worshipper of Gozag Ym Sagoz the Greedy
  3524 | D:4      | Reached XP level 8. HP: 51/51 MP: 14/14
  3548 | D:4      | Identified the +2 quarterstaff of Bashing Extinguishment
                  | {vorpal, Will+ Int+3}
  3697 | D:4      | Found an ancient bone altar of Kikubaaqudgha.
  3702 | D:4      | Found a broken altar of Ashenzari.
  3906 | D:5      | Entered Level 5 of the Dungeon
  4333 | D:5      | Learned a level 3 spell: Stone Arrow
  4349 | D:5      | Reached skill level 5 in Spellcasting
  4515 | D:5      | Identified 2 scrolls of acquirement
  4515 | D:5      | Acquired the ring of Duicsuhy {Fly rPois Str+3 Stlth+}
  4519 | D:5      | Acquired 404 gold pieces
  4610 | D:6      | Reached skill level 1 in Throwing
  4682 | D:6      | Reached XP level 9. HP: 54/57 MP: 17/17
  4945 | D:6      | You are sucked into a shaft and drop 3 floors!
  5106 | D:9      | Noticed Erica
  5116 | D:9      | Slain by Erica

Illustrated notes

Levels and vault maps discovered:
D:1:      dpeg_chamrin_arrival_tetris, layout_basic
D:2:      layout_loops_ring, uniq_robin, uniq_jessica
D:3:      layout_rooms, hellmonk_ecumenical_altar_zigzags,
          hellmonk_ghost_happy_afterlife, uniq_grinder
D:4:      layout_basic, grunt_temple_overflow_open, minmay_temple_entry_wispy,
          serial_rivers, chequers_serial_rivers_large_a,
          chequers_serial_rivers_room_b, chequers_serial_rivers_micro_e,
          chequers_serial_rivers_small_3, chequers_serial_rivers_small_3,
          chequers_serial_rivers_large_b, ebering_ghost_gozag, serial_shops,
          shop, eino_small_chamber_without_monster, dk_vineyard_2
D:5:      layout_cave_pools
D:6:      layout_rooms, kennysheep_little_box, uniq_maggie
D:9:      layout_loops_ring, grunt_decor_cap, grunt_ministairs_3,
          lemuel_flamethrower_2, uniq_erica

Skill      XL: |  1  2  3  4  5  6  7  8  9 |
---------------+----------------------------+-----
Unarmed Combat | 1 |  1.5
Fighting       | 1 2 3 |  3.4
Stealth        | 3 4 |  4.3
Short Blades   | 1 2 |  2.8
Polearms       | 1 |  1.4
Spellcasting   | 3 4 5 6 |  6.2
Translocations | 1 2 |  2.4
Conjurations   | 5 6 |  6.7
Evocations     | 1 3 |  3.5
Dodging        | 3 |  3.5
Throwing       | 1 2 |  2.0
Earth Magic    | |  0.3

Action                   |  1- 3 |  4- 6 |  7- 9 || total
-------------------------+-------+-------+-------++-------
Melee: Unarmed           |     3 |       |       ||     3
       Spear             |    33 |     8 |       ||    41
       Constrict         |     7 |     2 |     5 ||    14
       Tentacles         |     5 |     4 |     6 ||    15
       Punch             |     2 |       |       ||     2
       Short sword       |       |     7 |    30 ||    37
Throw: Dart              |       |       |     3 ||     3
 Cast: Magic Dart        |    44 |    41 |    83 ||   168
       Searing Ray       |       |     4 |    13 ||    17
       Stone Arrow       |       |       |     5 ||     5
Evoke: Wand              |       |       |    15 ||    15
  Use: Scroll            |       |     4 |     6 ||    10
       Potion            |       |     1 |     1 ||     2
 Stab: Sleeping          |     1 |     1 |       ||     2
       Distracted        |       |       |     1 ||     1
Dodge: Dodged            |    25 |     7 |    16 ||    48
